 Dungeon Crawl Stone Soup version 0.22.1-5-g62c59d9 (webtiles) character file.

106070 marthius the Severer (level 16, 0/151 HPs)
             Began as a Hill Orc Fighter on Jan 14, 2019.
             Was a High Priest of the Shining One.
             Succumbed to poison (poison gas)
             ... in an ice cave.
             The game lasted 02:01:43 (32151 turns).

marthius the Severer (Hill Orc Fighter)            Turns: 32151, Time: 02:01:43

Health: 0/151      AC:  9    Str: 24    XL:     16   Next: 43%
Magic:  18/24      EV: 11    Int:  8    God:    the Shining One [*****.]
Gold:   2052       SH: 25    Dex: 14    Spells: 15/15 levels left

rFire    . . .     SeeInvis .   a - +5 war axe (freeze)
rCold    . . .     Gourm    .   c - +0 shield
rNeg     + + +     Faith    .   (no armour)
rPois    +         Spirit   .   N - +1 helmet of the Stars {rN++ MR+ Dex+2 Stlth-}
rElec    .         Reflect  .   D - +0 cloak
rCorr    .         Harm     .   q - +2 pair of gloves
MR       ++...                  (no boots)
Stlth    ..........             (no amulet)
HPRegen  0.35/turn              h - ring of poison resistance
MPRegen  0.19/turn              o - +2 ring of protection

@: lethally poisoned (0 -> -5), divine shield, glowing
A: no striking features
a: Divine Shield, Cleansing Flame, Summon Divine Warrior, Renounce Religion


You were in an ice cave.
You worshipped the Shining One.
The Shining One was extremely pleased with you.
You were hungry.

You visited 6 branches of the dungeon, and saw 29 of its levels.
You also visited: Ice Cave.

You collected 2194 gold pieces.
You spent 142 gold pieces at shops.

Inventory:

Hand Weapons
 a - a +5 war axe of freezing (weapon)
 b - a +2 war axe of flaming
 p - a +1 short sword of distortion
 v - a +2 battleaxe of freezing
 E - a +3 executioner's axe of chopping
 P - a +2 eveningstar of distortion
 R - a +4 battleaxe of electrocution
Missiles
 k - 567 stones (quivered)
 y - 4 tomahawks
Armour
 c - a +0 shield (worn)
 q - a +2 pair of gloves (worn)
 u - a scarf of cloud immunity
 C - +0 swamp dragon scales
 D - a +0 cloak (worn)
 F - a +2 scale mail of magic resistance
 G - the +0 plate armour of a labyrinth {Str+2}
   (You found it on level 12 of the Dungeon)

   It affects your strength (+2).
 N - the +1 helmet of the Stars (worn) {rN++ MR+ Dex+2 Stlth-}
   (You found it on level 14 of the Dungeon)

   It affects your dexterity (+2).
   It greatly protects you from negative energy.
   It affects your resistance to hostile enchantments.
   It makes you less stealthy.
 Q - a +0 large shield
Jewellery
 h - a ring of poison resistance (left hand)
 o - a +2 ring of protection (right hand)
 s - the cursed ring "Rupog" {rN++ Str-3 Int+4 Dex-2, unknown}
   (You found it on level 15 of the Dungeon)

   [ring of dexterity]

   It affects your strength (-3).
   It affects your intelligence (+4).
   It affects your dexterity (-2).
   It greatly protects you from negative energy.
   It has a curse placed upon it.
 B - an uncursed ring of protection from magic
 H - a +2 ring of dexterity
Wands
 g - a wand of iceblast (18)
 z - a wand of flame (48)
 I - a wand of acid (23)
 L - a wand of enslavement (54)
 M - a wand of polymorph (29)
 T - a wand of paralysis (5)
 X - a wand of digging (14)
Scrolls
 e - a scroll of fear
 i - a scroll of magic mapping
 l - a scroll of enchant weapon
 n - 16 scrolls of remove curse
 t - 2 scrolls of teleportation
 J - 5 scrolls of fog
 K - 2 scrolls of summoning
 O - a scroll of identify
Potions
 m - a potion of magic
 r - 3 potions of flight
 w - 2 potions of might
 A - 2 potions of berserk rage
 U - a potion of haste
 W - 3 potions of agility
Miscellaneous
 d - a phial of floods
 x - a fan of gales
 S - a crystal ball of energy
 V - a sack of spiders
 Y - a lamp of fire (inert)
Comestibles
 f - 24 rations


   Skills:
 + Level 15.8 Fighting
 - Level 16.0 Axes
 - Level 9.8 Throwing
 - Level 10.3 Armour
 + Level 15.0 Shields
 - Level 11.7 Invocations
 + Level 7.0 Evocations


You had 15 spell levels left.
You didn't know any spells.
Your spell library contained the following spells:

 Spells                   Type           Power        Failure   Level  Hunger
 Beastly Appendage        Tmut           #.....       41%         1    ##.....
 Freeze                   Ice            #...         41%         1    ##.....
 Summon Butterflies       Summ           #.......     41%         1    ##.....
 Sticks to Snakes         Tmut           #.......     54%         2    ###....
 Throw Frost              Conj/Ice       #.....       54%         2    ###....
 Call Canine Familiar     Summ           #.......     78%         3    ####...
 Ozocubu's Armour         Chrm/Ice       #.......     78%         3    ####...
 Spider Form              Tmut/Pois      #.........   78%         3    ####...
 Ice Form                 Ice/Tmut       #.......     99%         4    #####..
 Summon Ice Beast         Ice/Summ       #.......     99%         4    #####..
 Throw Icicle             Conj/Ice       #.......     99%         4    #####..
 Blade Hands              Tmut           #.........   100%        5    ######.
 Metabolic Englaciation   Hex/Ice        #.........   100%        5    ######.
 Summon Mana Viper        Hex/Summ       #.......     100%        5    ######.
 Bolt of Cold             Conj/Ice       #.........   100%        6    #######
 Freezing Cloud           Conj/Ice/Air   #.........   100%        6    #######
 Ozocubu's Refrigeration  Ice            #.........   100%        6    #######
 Poison Arrow             Conj/Pois      #.........   100%        6    #######
 Simulacrum               Ice/Necr       #.........   100%        6    #######
 Summon Hydra             Summ           #.........   100%        7    #######
 Chain Lightning          Conj/Air       #.........   100%        8    #######
 Lehudib's Crystal Spear  Conj/Erth      #.........   100%        8    #######
 Fire Storm               Conj/Fire      #.........   100%        9    #######
 Glaciate                 Conj/Ice       #.........   100%        9    #######


Dungeon Overview and Level Annotations

Branches:
Dungeon (15/15)            Temple (1/1) D:6            Lair (6/6) D:8
  Swamp (4/4) Lair:2       Spider (1/4) Lair:3        Slime (0/5) Lair:6
    Orc (2/2) D:10            Elf (0/3) Orc:2        Vaults (0/5) D:14
 Depths (0/5) D:15

Altars:
Ashenzari
Cheibriados
Dithmenos
Elyvilon
Fedhas
Gozag
Hepliaklqana
Kikubaaqudgha
Makhleb
Nemelex Xobeh
Okawaru
Qazlal
Ru
Sif Muna
Trog
Uskayaw
Vehumet
Wu Jian
Xom
Yredelemnul
Zin
The Shining One
Beogh
Jiyva

Shops:
D:7 ?

Portals:
Trove: D:15 (give +3 shadow dragon scales)

Annotations:
Lair:1 3 runed doors, Fuanat's ghost, novice DDFi
Lair:2 3 runed doors, Difoud's ghost, journeyman HuWn; darkdagon605's ghost, journeyman SpEn
Lair:3 Gastronok
Lair:5 exclusion: oklob plant
Lair:6 3 runed doors, sverre's ghost, journeyman HOFi


Message History

The ice beast is engulfed in blazing flames.
You continue taking off the +0 plate armour of a labyrinth {Str+2}.
* * * LOW HITPOINT WARNING * * *
You feel sick.
The eight-headed hydra simulacrum is engulfed in blazing flames.
You finish taking off the +0 plate armour of a labyrinth {Str+2}.
Unknown command.
Wield which item (- for none, * to show all)? (? for menu, Esc to quit)
Okay, then.
Wear which item? (? for menu, Esc to quit)
Keep equipping yourself?
* * * LOW HITPOINT WARNING * * *
You feel sick.
You start putting on your armour.
You continue putting on your +0 swamp dragon scales.
* * * LOW HITPOINT WARNING * * *
You feel sick. You block the ice beast's attack.
The eight-headed hydra simulacrum is engulfed in blazing flames.
You continue putting on your +0 swamp dragon scales.
You die...

###########
#.........#
#....∩....#
#.........#
#....@....#
#...§Y....#
##..§....##
##.§...##
###Z### Y§.
.Z. ...
.....


You could see 2 ice beasts, an eight-headed hydra simulacrum and an iron troll
simulacrum.

Vanquished Creatures
  Rupert (D:12)
  Kirke (D:14)
  Louise (Swamp:2)
  A ghost crab (Swamp:3)
  10 hydras
  A catoblepas (Lair:5)
  7 alligators
  2 ogre magi
  10 two-headed ogres
  3 death yaks (Lair:5)
  A death knight (D:13)
  2 centaur warriors
  3 orc high priests (Orc:2)
  Sonja (Orc:1)
  A skeletal warrior (D:13)
  2 shambling mangroves
  4 swamp dragons (Swamp:4)
  2 unseen horrors (D:15)
  A spriggan druid (Swamp:4)
  2 wolf spider zombies
  A wolf spider (D:15)
  Pikel (D:6)
  3 orc sorcerers
  4 orc knights
  A cyclops (D:15)
  2 manticores
  An ugly thing (D:13)
  A gargoyle (D:15)
  29 spiny frogs
  5 kobold demonologists
  A rime drake (Lair:6)
  A yaktaur (D:15)
  2 freezing wraiths (D:13)
  9 komodo dragons
  4 trolls
  A polar bear (Lair:1)
  6 hornets
  14 tyrant leeches
  13 blink frogs
  13 slime creatures
  6 bog bodies
  11 hippogriffs
  51 yaks
  4 spriggans
  2 redbacks (Lair:3)
  3 wraiths
  A wyvern (D:13)
  4 hogs (D:14)
  A human (shapeshifter) (D:15)
  Grum (D:8)
  5 humans
  Eustachio (D:4)
  3 basilisks
  18 vampire mosquitoes
  12 swamp worms
  Menkaure (D:6)
  4 hungry ghosts
  A warg (Orc:1)
  Edmund (D:5)
  11 insubstantial wisps
  Duvessa (D:4)
  5 water moccasins
  5 porcupines
  7 ice beasts
  21 orc warriors
  10 swamp drakes
  2 hornet zombies
  2 sky beasts
  An eye of draining (D:13)
  A phantom (D:12)
  5 boggarts (D:10)
  10 ogres
  9 centaurs
  5 wolves
  8 crocodiles
  7 big kobolds
  Blork the orc (D:4)
  A gnoll sergeant (D:10)
  24 bullfrogs
  Dowan (D:4)
  A wyvern skeleton (D:7)
  4 scorpions
  11 killer bees
  10 wights
  2 howler monkeys (D:11)
  5 centaur zombies
  3 crimson imps
  4 hounds
  2 quasits
  4 jellies
  A bullfrog skeleton (D:2)
  A gnoll shaman (D:8)
  16 orc priests
  30 orc wizards
  8 centaur skeletons
  6 iguanas
  10 worker ants
  2 hound skeletons
  10 gnolls
  9 adders
  7 shadow imps
  An ooze (D:1)
  An adder zombie (D:6)
  3 adder skeletons
  2 worms
  A dart slug (D:2)
  8 leopard geckos
  87 orcs
  A ball python (D:2)
  14 bats
  3 giant cockroaches
  6 goblins
  2 hobgoblins
  12 jackals
  16 kobolds
  6 quokkas
  5 frilled lizards
  A leopard gecko skeleton (D:6)
  A leopard gecko zombie (D:5)
  12 rats
  A butterfly (Lair:1)
  4 fungi
  9 plants
777 creatures vanquished.

Vanquished Creatures (collateral kills)
  A thorn hunter (Swamp:3)
  A frost giant (D:15)
  2 hydras
  An alligator (Swamp:3)
  2 spriggan druids
  An orc sorcerer (D:15)
  A spiny frog (Swamp:2)
  A vampire mosquito (Swamp:3)
  2 swamp worms (Swamp:3)
  A swamp drake (Swamp:2)
  An orc (Orc:1)
14 creatures vanquished.

Vanquished Creatures (others)
  A hydra (Swamp:3)
  An alligator (Swamp:4)
  A tyrant leech (Swamp:3)
  A human (D:14)
  4 slaves (D:6)
  A crimson imp (D:6)
  An orc wizard (D:6)
  2 gnolls (D:6)
  2 orcs (D:6)
  5 briar patches (Swamp:3)
  7 fungi
  30 plants
  4 withered plants (Lair:2)
60 creatures vanquished.

Grand Total: 851 creatures vanquished

Notes
Turn   | Place    | Note
-------+----------+-------------------------------------------
     0 | D:1      | marthius the Hill Orc Fighter began the quest for the Orb.
     0 | D:1      | Reached XP level 1. HP: 19/19 MP: 1/1
   311 | D:1      | Reached skill level 3 in Axes
   311 | D:1      | Reached XP level 2. HP: 22/27 MP: 2/2
  1046 | D:2      | Reached XP level 3. HP: 32/33 MP: 3/3
  1082 | D:2      | Found a faded altar of an unknown god.
  1515 | D:2      | Reached skill level 4 in Axes
  1515 | D:2      | Reached XP level 4. HP: 36/41 MP: 4/4
  1652 | D:2      | Reached XP level 5. HP: 31/47 MP: 5/5
  2305 | D:2      | Reached skill level 5 in Fighting
  2506 | D:3      | Reached skill level 5 in Axes
  2506 | D:3      | Reached XP level 6. HP: 28/56 MP: 6/6
  2959 | D:3      | Reached skill level 5 in Shields
  3847 | D:4      | Noticed Duvessa
  3847 | D:4      | Noticed Dowan
  3869 | D:4      | Killed Duvessa
  3869 | D:4      | Reached skill level 6 in Axes
  3869 | D:4      | Reached XP level 7. HP: 51/63 MP: 7/7
  3895 | D:4      | Killed Dowan
  4441 | D:4      | Noticed Blork the orc
  4459 | D:4      | Killed Blork the orc
  4513 | D:4      | Noticed Eustachio
  4574 | D:4      | Killed Eustachio
  4574 | D:4      | Reached skill level 7 in Axes
  4574 | D:4      | Reached XP level 8. HP: 37/73 MP: 8/8
  5173 | D:5      | Entered Level 5 of the Dungeon
  5589 | D:5      | Noticed Edmund
  5600 | D:5      | Killed Edmund
  5808 | D:6      | Noticed Pikel
  5818 | D:6      | Killed Pikel
  5818 | D:6      | Reached skill level 8 in Axes
  5855 | D:6      | Reached XP level 9. HP: 82/82 MP: 9/9
  5867 | D:6      | Got a brightly glowing ring mail
  5878 | D:6      | Identified the cursed +1 ring mail of the Ancient Moons
                  | {rC++ Int+6 Slay-5} (You found it on level 6 of the
                  | Dungeon)
  6014 | D:6      | Noticed a troll
  6025 | D:6      | Reached skill level 9 in Axes
  6526 | D:6      | Found a staircase to the Ecumenical Temple.
  6653 | Temple   | Entered the Ecumenical Temple
  6766 | Temple   | Became a worshipper of the Shining One
  6919 | D:6      | Noticed Menkaure
  6929 | D:6      | Killed Menkaure
  7184 | D:6      | Killed a troll
  7462 | D:7      | Found a burning altar of Makhleb.
  7482 | D:7      | Noticed a hornet
  7812 | D:7      | Reached skill level 10 in Axes
  7971 | D:7      | Found Vuc Zeu's Magic Scroll Emporium.
  7979 | D:7      | Bought a scroll of fear for 45 gold pieces
  7979 | D:7      | Bought a scroll of enchant weapon for 97 gold pieces
  8104 | D:8      | Reached skill level 10 in Fighting
  8104 | D:8      | Reached XP level 10. HP: 73/93 MP: 10/10
  8271 | D:8      | Found a staircase to the Lair.
  8485 | D:8      | Reached * piety under the Shining One
  8722 | D:8      | Reached skill level 11 in Axes
  9259 | D:9      | Noticed Grum
  9267 | D:8      | Reached skill level 10 in Shields
  9387 | D:9      | Reached ** piety under the Shining One
  9398 | D:8      | Killed Grum
 10239 | D:9      | Noticed a two-headed ogre
 10256 | D:9      | Killed a two-headed ogre
 10256 | D:9      | Reached skill level 12 in Axes
 10505 | D:9      | Reached XP level 11. HP: 99/104 MP: 11/11
 11015 | D:10     | Entered Level 10 of the Dungeon
 11435 | D:10     | Noticed a two-headed ogre
 11461 | D:10     | Killed a two-headed ogre
 11746 | D:10     | Reached skill level 13 in Axes
 12272 | D:10     | Found a staircase to the Orcish Mines.
 12419 | D:10     | Noticed an unseen horror
 12442 | D:10     | Noticed a green ugly thing
 12927 | Lair:1   | Entered Level 1 of the Lair of Beasts
 12965 | Lair:1   | Reached *** piety under the Shining One
 13175 | Lair:1   | Found a runed gate.
 13176 | Lair:1   | Found a runed gate.
 13179 | Lair:1   | Found a runed gate.
 13405 | Lair:1   | Reached XP level 12. HP: 115/115 MP: 12/12
 13444 | Lair:1   | Reached skill level 1 in Invocations
 13468 | Lair:1   | Reached skill level 14 in Axes
 13746 | Lair:1   | Noticed Fuanat's ghost (novice DDFi)
 13749 | Lair:1   | Found a viscous altar of Jiyva.
 13755 | Lair:1   | Noticed an eight-headed hydra
 13766 | Lair:1   | Killed a three-headed hydra
 14104 | Lair:2   | Found a staircase to the Swamp.
 14208 | Lair:2   | Reached skill level 5 in Armour
 14493 | Lair:2   | Found a runed gate.
 14493 | Lair:2   | Found a runed gate.
 14493 | Lair:2   | Found a runed gate.
 14493 | Lair:2   | Noticed darkdagon605's ghost (journeyman SpEn)
 14494 | Lair:2   | Noticed Difoud's ghost (journeyman HuWn)
 14577 | Lair:2   | Reached skill level 5 in Invocations
 15255 | Lair:3   | Found a hole to the Spider Nest.
 15309 | Lair:3   | Noticed Gastronok
 15313 | Spider:1 | Entered Level 1 of the Spider Nest
 15531 | Lair:4   | Got a fine mace
 15539 | Lair:4   | Identified the +9 mace of Yblif {vamp, Str+2 Int+6} (You
                  | found it on level 4 of the Lair of Beasts)
 15941 | Lair:4   | Noticed a four-headed hydra
 15951 | Lair:4   | Killed a one-headed hydra
 16112 | Lair:4   | Reached skill level 15 in Axes
 16244 | Lair:4   | Noticed a five-headed hydra
 16252 | Lair:4   | Killed a one-headed hydra
 16525 | Lair:4   | Found a glowing golden altar of the Shining One.
 16722 | Lair:4   | Reached XP level 13. HP: 103/122 MP: 18/18
 17249 | Lair:5   | Reached **** piety under the Shining One
 17736 | Lair:5   | Found a snail-covered altar of Cheibriados.
 17859 | Lair:5   | Reached skill level 16 in Axes
 18255 | Lair:6   | Entered Level 6 of the Lair of Beasts
 18255 | Lair:6   | Found a staircase to the Slime Pits.
 18255 | Lair:6   | Found a viscous altar of Jiyva.
 18255 | Lair:6   | Found a runed gate.
 18305 | Lair:6   | Reached skill level 1 in Evocations
 18335 | Lair:6   | Found a runed gate.
 18335 | Lair:6   | Found a runed gate.
 18338 | Lair:6   | Noticed sverre's ghost (journeyman HOFi)
 18554 | Lair:6   | Reached skill level 10 in Invocations
 18844 | Lair:6   | Reached skill level 10 in Armour
 18850 | Lair:6   | Reached XP level 14. HP: 41/129 MP: 15/22
 19074 | Lair:6   | Reached skill level 5 in Evocations
 20177 | Orc:1    | Entered Level 1 of the Orcish Mines
 20203 | Orc:1    | Noticed Sonja
 20211 | Orc:1    | Killed Sonja
 20257 | Orc:1    | Found a bloodstained altar of Trog.
 20564 | Orc:2    | Entered Level 2 of the Orcish Mines
 20689 | Orc:2    | Found a staircase to the Elven Halls.
 21237 | Orc:2    | Found a roughly hewn altar of Beogh.
 21241 | Orc:2    | Reached skill level 1 in Throwing
 22868 | D:12     | Noticed Rupert
 22900 | D:12     | Killed Rupert
 23459 | D:12     | Got a bloodstained plate armour
 23462 | D:12     | Identified the +0 plate armour of a labyrinth {Str+2} (You
                  | found it on level 12 of the Dungeon)
 24435 | D:13     | Reached skill level 5 in Throwing
 25390 | D:14     | Noticed Kirke
 25390 | D:14     | Reached ***** piety under the Shining One
 25412 | D:14     | Killed Kirke
 25412 | D:14     | Reached XP level 15. HP: 138/138 MP: 21/23
 25641 | D:14     | Found a gate to the Vaults.
 25960 | D:14     | Got a spiked helmet
 25961 | D:14     | Identified the +1 helmet of the Stars {rN++ MR+ Dex+2
                  | Stlth-} (You found it on level 14 of the Dungeon)
 26303 | D:15     | Entered Level 15 of the Dungeon
 26369 | D:15     | Found a portal to a secret trove of treasure.
 26739 | D:15     | Got a brightly glowing steel ring
 26914 | D:15     | Found a staircase to the Depths.
 26914 | D:15     | Noticed a frost giant
 27341 | D:15     | Killed a frost giant
 27798 | Swamp:1  | Entered Level 1 of the Swamp
 29008 | Swamp:2  | Reached skill level 15 in Fighting
 29583 | Swamp:2  | Noticed Louise
 29597 | Swamp:2  | Killed Louise
 30303 | Swamp:3  | Reached XP level 16. HP: 118/149 MP: 24/24
 30510 | Swamp:3  | Noticed a thorn hunter
 30530 | Swamp:3  | Found a bloodstained altar of Trog.
 30568 | Swamp:3  | HP: 7/149 [swamp worm/harpoon shot (4)]
 31314 | Swamp:3  | Killed a thorn hunter
 31671 | Swamp:4  | Entered Level 4 of the Swamp
 31750 | Swamp:4  | Found a frozen archway.
 32116 | Swamp:4  | Noticed a thorn hunter
 32120 | Swamp:4  | Reached skill level 15 in Shields
 32136 | Swamp:4  | The Shining One protects you from harm!
 32138 | IceCv    | Entered an ice cave
 32143 | IceCv    | HP: 6/151 [poison (poison gas)]
 32148 | IceCv    | HP: 2/151 [poison (poison gas)]
 32151 | IceCv    | Succumbed to poison (poison gas)

Skill      XL: |  1  2  3  4  5  6  7  8  9 10 11 12 13 14 15 16 |
---------------+-------------------------------------------------+-----
Axes           | 3 4 5 6 7 8 10 12 13 15 16 | 16.0
Fighting       | 4 5 6 7 8 10 11 13 14 15 | 15.8
Shields        | 4 5 6 7 9 10 12 13 14 15 | 15.0
Invocations    | 7 11 | 11.7
Armour         | 7 10 | 10.3
Evocations     | 4 5 7 |  7.0
Throwing       | 6 9 |  9.8

Action                   |  1- 3 |  4- 6 |  7- 9 | 10-12 | 13-15 | 16-18 || total
-------------------------+-------+-------+-------+-------+-------+-------++-------
Melee: War axe           |   103 |   174 |   315 |   571 |  1045 |   134 ||  2342
Throw: Stone             |    31 |    78 |   168 |   349 |   354 |    66 ||  1046
       Tomahawk          |       |       |       |       |   198 |       ||   198
Invok: Divine Shield     |       |       |       |     7 |    18 |     4 ||    29
       Cleansing Flame   |       |       |       |       |    10 |     2 ||    12
       Summon Divine War |       |       |       |       |     3 |     2 ||     5
Evoke: Wand              |       |       |       |     2 |     5 |     7 ||    14
       Lamp of fire      |       |       |       |       |       |     1 ||     1
  Use: Scroll            |     4 |       |    20 |    17 |    15 |     3 ||    59
       Potion            |       |     1 |     3 |     2 |     5 |     6 ||    17
  Eat: Chunk             |     1 |     8 |     8 |     6 |    14 |     2 ||    39
       Ration            |       |       |     3 |     9 |    10 |     1 ||    23
Armor: Scale mail        |    51 |    82 |    15 |       |       |       ||   148
       Plate armour      |       |       |   193 |   325 |   321 |   110 ||   949
Dodge: Dodged            |    30 |    59 |    46 |    93 |   120 |    38 ||   386
Block: Shield            |    53 |    85 |   204 |   419 |   573 |   151 ||  1485
